 Dungeon Crawl Stone Soup version 0.29.0-4-gdea44cf6ec (webtiles) character file.

Game seed: 7282994776232205590

51 qw the Caller (level 3, -1/29 HPs)
             Began as a Ghoul Summoner on Sept 9, 2022.
             Slain by Sigmund
             ... wielding a +0 scythe
              (9 damage)
             ... on level 2 of the Dungeon.
             The game lasted 00:00:57 (2254 turns).

qw the Caller (Ghoul Summoner)                      Turns: 2254, Time: 00:00:57

Health: -1/29      AC:  5    Str: 13    XL:     3   Next: 81%
Magic:  1/4        EV: 10    Int: 10    God:
Gold:   119        SH:  0    Dex:  9    Spells: 4/5 levels left

rFire   . . .      SeeInvis .   a - +0 trident
rCold   + . .      Faith    .   (no shield)
rNeg    + + +      Spirit   .   d - +0 ring mail
rPois   inf        Reflect  .   (no helmet)
rElec   .          Harm     .   (no cloak)
rCorr   .          Rampage  .   (no gloves)
Will    .....                   (no boots)
Stlth   ..........              (no amulet)
HPRegen 0.00/turn               (no ring)
MPRegen 0.09/turn               (no ring)

@: confused, inhibited regen
A: claws 1, cold resistance 1, negative energy resistance 3, inhibited
regeneration, torment resistance 2, devour on kill
a: no special abilities


You were on level 2 of the Dungeon.
You visited 1 branch of the dungeon, and saw 2 of its levels.

You collected 119 gold pieces.


Innate Abilities, Weirdness & Mutations

You are immune to poison.
You have sharp fingernails.
Your flesh is cold resistant. (rC+)
You are immune to negative energy. (rN+++)
You do not regenerate when monsters are visible.
You are immune to unholy pain and torment.
You thrive by killing the living.


   Skills:
 - Level 2.0 Fighting
 + Level 2.3 Axes
 - Level 1.7 Dodging
 - Level 2.1 Stealth
 - Level 1.7 Spellcasting
 - Level 3.6 Summonings


You had 4 spell levels left.
You knew the following spells:

 Your Spells              Type           Power      Damage    Failure   Level
a - Summon Small Mammal   Summ           32%        N/A       16%         1

Your spell library contained the following spells:

 Spells                   Type           Power      Damage    Failure   Level
 Call Imp                 Summ           8%         N/A       24%         2
 Call Canine Familiar     Summ           8%         N/A       43%         3
 Summon Guardian Golem    Hex/Summ       4%         N/A       71%         3
 Summon Lightning Spire   Summ/Air       4%         N/A       98%         4

Inventory:

Hand Weapons
 a - a +0 trident (weapon)
Armour
 d - a +0 ring mail (worn)
 e - a +0 pair of gloves
Scrolls
 c - a scroll of noise {unknown}
Potions
 b - a potion of berserk rage {unknown}
 f - a potion of attraction {unknown}
 g - a potion of heal wounds {unknown}
 h - a potion of haste {unknown}

Dungeon Overview and Level Annotations

Branches:
Dungeon (2/15)

Altars:

Annotations:
D:2 Sigmund


Message History

Your bat hits Sigmund. Sigmund casts a spell at you.
You are more confused.
Are you sure you want to stumble around while confused and next to your rat?
You're too confused to move!
Your bat hits Sigmund.
Sigmund hits you from afar with a +0 scythe.
Are you sure you want to stumble around while confused and next to your rat?
Your bat completely misses Sigmund.
Your bat barely misses Sigmund.
Sigmund barely misses you.
There is an open door here.
You see here a rat corpse.
Are you sure you want to stumble around while confused and next to your rat?
You bump into the rock wall.
Your bat closely misses Sigmund.
Are you sure you want to stumble around while confused and next to your rat?
Your bat hits Sigmund but does no damage.
Sigmund gestures wildly while chanting.
Sigmund flickers and vanishes!
Deactivating autopickup; reactivate with Ctrl-A.
You're too confused to attack without stumbling around!
There is a strange disturbance nearby!
Your bat barely misses something.
Your bat hits something but does no damage.
Something hits you.
You're too confused to attack without stumbling around!
There is a strange disturbance nearby!
Your bat hits something but does no damage.
Your bat misses something. Something hits you but does no damage.
You're too confused to attack without stumbling around!
There is a strange disturbance nearby!
Your bat barely misses something.
Your bat closely misses something.
You're too confused to attack without stumbling around!
There is a strange disturbance nearby!
Your bat hits something but does no damage.
Something hits you!
You're too confused to attack without stumbling around!
There is a strange disturbance nearby!
Your bat closely misses something.
Something hits you!
You die...

#.#.<#.. ##.......# ####
#.###### # #.......# ...# #..
..# #. ##'######
...#############.###.###.#######
...'....... ..................
...######## #...##.#.#..######
...# #b..=. #.##.# ...#
######...# #.# .# ...#
......{@.# #.# .# ####
#######r## #.# ..
################.# #.# #..#
.#~~~~~~~~~#..##.# ##.####.##
..............##.####.........
##~~~~~~~~~#..##....'......###
###########..#######......#
#..........)# #......#
#...........# #......#


You could see a friendly bat (summoned) and a friendly rat (summoned).

Vanquished Creatures
  An adder (D:2)
  A dart slug (D:1)
  4 ball pythons (D:1)
  5 endoplasms
  A goblin (D:1)
  3 hobgoblins (D:1)
  2 kobolds (D:1)
  A quokka (D:2)
  A bat (D:1)
  A frilled lizard (D:1)
  4 rats
24 creatures vanquished.

Vanquished Creatures (collateral kills)
  2 ball pythons
  A bat (D:2)
  An endoplasm (D:2)
  A goblin (D:1)
  A hobgoblin (D:1)
  2 frilled lizards (D:1)
  A kobold (D:2)
  4 rats
13 creatures vanquished.

Grand Total: 37 creatures vanquished

Notes
Turn   | Place    | Note
-------+----------+-------------------------------------------
     0 | D:1      | qw the Ghoul Summoner began the quest for the Orb.
     0 | D:1      | Reached XP level 1. HP: 14/14 MP: 2/2
     0 | D:1      | 0 ||| qw: Version: 0.1-a-113-g051387a
     0 | D:1      | 0 ||| qw: Game counter: 7135
     0 | D:1      | 0 ||| qw: Always use a shield: true
     0 | D:1      | 0 ||| qw: God list: Okawaru
     0 | D:1      | 0 ||| qw: Allow faded altars: false
     0 | D:1      | 0 ||| qw: Do Orc after D:15 true
     0 | D:1      | 0 ||| qw: Do second Lair branch before Depths: true
     0 | D:1      | 0 ||| qw: Lair rune preference: random
     0 | D:1      | 0 ||| qw: Plans: Normal
     0 | D:1      | 0 ||| PLANNING D:1-11
    13 | D:1      | 13 ||| CASTING Summon Small Mammal
    14 | D:1      | 14 ||| CASTING Summon Small Mammal
    58 | D:1      | 58 ||| CASTING Summon Small Mammal
    59 | D:1      | 59 ||| CASTING Summon Small Mammal
    71 | D:1      | 71 ||| CASTING Summon Small Mammal
   118 | D:1      | 118 ||| CASTING Summon Small Mammal
   119 | D:1      | 119 ||| CASTING Summon Small Mammal
   121 | D:1      | Reached skill level 1 in Axes
   125 | D:1      | Reached XP level 2. HP: 15/22 MP: 0/3
   217 | D:1      | 217 ||| Wielding weapon +0 whip.
   243 | D:1      | 243 ||| CASTING Summon Small Mammal
   244 | D:1      | 244 ||| CASTING Summon Small Mammal
   247 | D:1      | 247 ||| CASTING Summon Small Mammal
   256 | D:1      | 256 ||| CASTING Summon Small Mammal
   258 | D:1      | Reached skill level 1 in Fighting
   301 | D:1      | 301 ||| CASTING Summon Small Mammal
   302 | D:1      | 302 ||| CASTING Summon Small Mammal
   303 | D:1      | 303 ||| CASTING Summon Small Mammal
   342 | D:1      | 342 ||| CASTING Summon Small Mammal
   343 | D:1      | 343 ||| CASTING Summon Small Mammal
   344 | D:1      | 344 ||| CASTING Summon Small Mammal
   354 | D:1      | 354 ||| CASTING Summon Small Mammal
   442 | D:1      | 442 ||| CASTING Summon Small Mammal
   443 | D:1      | 443 ||| CASTING Summon Small Mammal
   444 | D:1      | 444 ||| CASTING Summon Small Mammal
   638 | D:1      | 638 ||| CASTING Summon Small Mammal
   639 | D:1      | 639 ||| CASTING Summon Small Mammal
   640 | D:1      | 640 ||| CASTING Summon Small Mammal
   676 | D:1      | 676 ||| CASTING Summon Small Mammal
   677 | D:1      | 677 ||| CASTING Summon Small Mammal
   678 | D:1      | 678 ||| CASTING Summon Small Mammal
   725 | D:1      | 725 ||| CASTING Summon Small Mammal
   726 | D:1      | 726 ||| CASTING Summon Small Mammal
   727 | D:1      | 727 ||| CASTING Summon Small Mammal
   737 | D:1      | 737 ||| CASTING Summon Small Mammal
   792 | D:1      | 792 ||| CASTING Summon Small Mammal
   793 | D:1      | 793 ||| CASTING Summon Small Mammal
   794 | D:1      | 794 ||| CASTING Summon Small Mammal
   842 | D:1      | 842 ||| CASTING Summon Small Mammal
   843 | D:1      | 843 ||| CASTING Summon Small Mammal
   844 | D:1      | 844 ||| CASTING Summon Small Mammal
   854 | D:1      | 854 ||| CASTING Summon Small Mammal
   981 | D:1      | 981 ||| CASTING Summon Small Mammal
   982 | D:1      | 982 ||| CASTING Summon Small Mammal
   983 | D:1      | 983 ||| CASTING Summon Small Mammal
  1046 | D:1      | 1046 ||| CASTING Summon Small Mammal
  1047 | D:1      | 1047 ||| CASTING Summon Small Mammal
  1048 | D:1      | 1048 ||| CASTING Summon Small Mammal
  1128 | D:1      | 1128 ||| CASTING Summon Small Mammal
  1129 | D:1      | 1129 ||| CASTING Summon Small Mammal
  1130 | D:1      | 1130 ||| CASTING Summon Small Mammal
  1140 | D:1      | 1140 ||| CASTING Summon Small Mammal
  1152 | D:1      | Reached XP level 3. HP: 21/28 MP: 1/4
  1279 | D:1      | 1279 ||| CASTING Summon Small Mammal
  1280 | D:1      | 1280 ||| CASTING Summon Small Mammal
  1281 | D:1      | 1281 ||| CASTING Summon Small Mammal
  1282 | D:1      | 1282 ||| CASTING Summon Small Mammal
  1378 | D:1      | 1378 ||| CASTING Summon Small Mammal
  1379 | D:1      | 1379 ||| CASTING Summon Small Mammal
  1380 | D:1      | 1380 ||| CASTING Summon Small Mammal
  1381 | D:1      | 1381 ||| CASTING Summon Small Mammal
  1389 | D:1      | 1389 ||| CASTING Summon Small Mammal
  1573 | D:1      | 1573 ||| UPGRADING to +0 ring mail.
  1583 | D:1      | 1583 ||| DROPPING +0 robe.
  1584 | D:1      | 1584 ||| READING scroll labelled TOLITS LIEN.
  1585 | D:1      | 1585 ||| READING 2 scrolls labelled QUEGEA JIFO.
  1586 | D:1      | 1586 ||| READING scroll labelled LOSTRA DACI.
  1587 | D:1      | 1587 ||| READING scroll labelled RUVADI TIDO.
  1588 | D:1      | 1588 ||| DROPPING potion of magic.
  1589 | D:1      | 1589 ||| DROPPING scroll of immolation.
  1659 | D:2      | 1659 ||| Stepping ~*~*~tactically~*~*~ (stealth).
  1661 | D:2      | 1661 ||| Stepping ~*~*~tactically~*~*~ (stealth).
  1663 | D:2      | 1663 ||| CASTING Summon Small Mammal
  1664 | D:2      | 1664 ||| CASTING Summon Small Mammal
  1665 | D:2      | 1665 ||| CASTING Summon Small Mammal
  1666 | D:2      | 1666 ||| CASTING Summon Small Mammal
  1674 | D:2      | 1674 ||| CASTING Summon Small Mammal
  1732 | D:2      | 1732 ||| CASTING Summon Small Mammal
  1733 | D:2      | 1733 ||| CASTING Summon Small Mammal
  1734 | D:2      | 1734 ||| CASTING Summon Small Mammal
  1735 | D:2      | 1735 ||| CASTING Summon Small Mammal
  1743 | D:2      | 1743 ||| CASTING Summon Small Mammal
  1795 | D:2      | 1795 ||| CASTING Summon Small Mammal
  1796 | D:2      | 1796 ||| CASTING Summon Small Mammal
  1797 | D:2      | 1797 ||| CASTING Summon Small Mammal
  1798 | D:2      | 1798 ||| CASTING Summon Small Mammal
  1859 | D:2      | 1859 ||| SWAPPING to +0 trident.
  1860 | D:2      | 1860 ||| DROPPING +0 whip.
  1874 | D:2      | 1874 ||| CASTING Summon Small Mammal
  1875 | D:2      | 1875 ||| CASTING Summon Small Mammal
  1876 | D:2      | 1876 ||| CASTING Summon Small Mammal
  1877 | D:2      | 1877 ||| CASTING Summon Small Mammal
  1939 | D:2      | 1939 ||| CASTING Summon Small Mammal
  1940 | D:2      | 1940 ||| CASTING Summon Small Mammal
  1941 | D:2      | 1941 ||| CASTING Summon Small Mammal
  1942 | D:2      | 1942 ||| CASTING Summon Small Mammal
  2006 | D:2      | 2006 ||| CASTING Summon Small Mammal
  2007 | D:2      | 2007 ||| CASTING Summon Small Mammal
  2008 | D:2      | 2008 ||| CASTING Summon Small Mammal
  2009 | D:2      | 2009 ||| CASTING Summon Small Mammal
  2017 | D:2      | 2017 ||| CASTING Summon Small Mammal
  2083 | D:2      | 2083 ||| CASTING Summon Small Mammal
  2084 | D:2      | 2084 ||| CASTING Summon Small Mammal
  2085 | D:2      | 2085 ||| CASTING Summon Small Mammal
  2086 | D:2      | 2086 ||| CASTING Summon Small Mammal
  2130 | D:2      | 2130 ||| CASTING Summon Small Mammal
  2131 | D:2      | 2131 ||| CASTING Summon Small Mammal
  2132 | D:2      | 2132 ||| CASTING Summon Small Mammal
  2133 | D:2      | 2133 ||| CASTING Summon Small Mammal
  2141 | D:2      | 2141 ||| CASTING Summon Small Mammal
  2235 | D:2      | 2235 ||| CASTING Summon Small Mammal
  2236 | D:2      | 2236 ||| CASTING Summon Small Mammal
  2237 | D:2      | 2237 ||| CASTING Summon Small Mammal
  2238 | D:2      | 2238 ||| CASTING Summon Small Mammal
  2239 | D:2      | Noticed Sigmund
  2254 | D:2      | Slain by Sigmund

Levels and vault maps discovered:
D:1:      saegor_arrival_miasma, layout_basic, minmay_split_cup_large
D:2:      layout_basic, amcnicky_mini_rare_corridor_liquid, uniq_sigmund

Skill      XL: |  1  2  3 |
---------------+----------+-----
Axes           | 1 2 |  2.3
Fighting       | 1 2 |  2.0
Dodging        | |  1.7
Stealth        | |  2.1
Spellcasting   | |  1.7
Summonings     | |  3.6

Action                   || total
-------------------------++-------
Melee: Unarmed           ||     7
       Whip              ||    62
       Punch             ||     1
       Trident           ||    18
 Cast: Summon Small Mamm ||    91
  Use: Scroll            ||     4
Armor: Robe              ||     5
       Ring mail         ||    15
Dodge: Dodged            ||    43

Table legend:
 A = Non-vault XP
 B = Vault XP
 C = Vault XP percentage of total XP
 D = Non-vault monster count
 E = Vault monster count
 F = Vault count percentage of total count
                 A         B        C        D         E       F
            +---------+---------+-------+---------+---------+-------
      Total |      67 |       6 |   8.2 |      33 |       4 |  10.8
            +---------+---------+-------+---------+---------+-------
        D:1 |      36 |       6 |  14.3 |      21 |       4 |  16.0
        D:2 |      31 |       0 |   0.0 |      12 |       0 |   0.0
            +---------+---------+-------+---------+---------+-------
